 Dungeon Crawl Stone Soup version 0.29.0-4-gdea44cf6ec (webtiles) character file.

Game seed: 3284748782348294107

5801 qw the Cleaver (level 10, -4/79 HPs)
             Began as a Demonspawn Cinder Acolyte on Sept 8, 2022.
             Was an Initiate of Okawaru.
             Slain by a two-headed ogre
             ... wielding a +0 giant spiked club
             ... summoned by an orange crystal statue
              (7 damage)
             ... on level 10 of the Dungeon.
             The game lasted 00:03:51 (10573 turns).

qw the Cleaver (Demonspawn Cinder Acolyte)         Turns: 10573, Time: 00:03:51

Health: -4/79      AC: 17    Str: 17 (19) XL:     10   Next: 50%
Magic:  11/11      EV: 11    Int: 11 (16) God:    Okawaru [......]
Gold:   632        SH:  0    Dex:  5 (8)  Spells: 11/11 levels left

rFire   . . .      SeeInvis +   Y - +0 war axe
rCold   . . .      Faith    .   (no shield)
rNeg    . . .      Spirit   .   k - +0 plate armour
rPois   .          Reflect  .   (no helmet)
rElec   .          Harm     .   (no cloak)
rCorr   .          Rampage  .   h - +2 pair of gloves
Will    .....                   d - +0 pair of boots
Stlth   ..........              (no amulet)
HPRegen 0.23/turn               e - ring "Qury" {rF+ EV+4}
MPRegen 0.12/turn               a - ring of see invisible

@: unable to read, fire susceptible
A: (demonic guardian 1), sturdy frame 1, demonic touch 2, inability to read
after injury 1
a: Renounce Religion


You were on level 10 of the Dungeon.
You worshipped Okawaru.
Okawaru was noncommittal.
You visited 2 branches of the dungeon, and saw 12 of its levels.
You also visited: Sewer and Ossuary.

You collected 632 gold pieces.


Innate Abilities, Weirdness & Mutations

((A weak demonic guardian rushes to your aid.))
Your movements are slightly less encumbered by armour. (ER -2)
Your touch may inflict irresistible damage on your foes.
You occasionally lose the ability to read scrolls when taking damage.


   Skills:
 + Level 7.4 Fighting
 - Level 11.0 Axes
 - Level 3.0 Throwing
 - Level 6.8 Armour
 - Level 1.0 Dodging
 - Level 1.0 Spellcasting
 - Level 2.6 Fire Magic


You had 11 spell levels left.
You didn't know any spells.
Your spell library contained the following spells:

 Spells                   Type           Power      Damage    Failure   Level
 Scorch                   Fire           12%        2d5       95%         2

Inventory:

Hand Weapons
 r - a +0 morningstar
 Y - a +0 war axe (weapon)
Missiles
 j - 5 boomerangs
 m - 3 javelins (quivered)
Armour
 d - a +0 pair of boots (worn)
 h - a +2 pair of gloves (worn)
 k - a +0 plate armour (worn)
Jewellery
 a - a ring of see invisible (right hand)
 e - the ring "Qury" (left hand) {rF+ EV+4}
   (You took it off a kobold on level 2 of the Dungeon)

   [ring of evasion]

   EV:        It affects your evasion (+4).
   rF:        It protects you from fire.
 s - a ring of ice
Scrolls
 l - a scroll of identify
 n - a scroll of teleportation
Potions
 b - 3 potions of might
 c - 4 potions of curing
 f - 3 potions of resistance
 g - 3 potions of cancellation
 i - a potion of haste
 q - a potion of attraction {unknown}
 u - a potion of experience {unknown}

Dungeon Overview and Level Annotations

Branches:
Dungeon (11/15)            Temple (1/1) D:4           Sewer (visited)
Ossuary (visited)
   Lair: D:8-11         Orc: D:9-12

Altars:
Ashenzari
Dithmenos
Fedhas
Gozag
Hepliaklqana
Kikubaaqudgha
Makhleb
Nemelex Xobeh
Okawaru
Qazlal
Sif Muna
Trog
Uskayaw
Vehumet
Wu Jian
Xom

Shops:
D:5 :

Annotations:
D:6 2 runed translucent doors
D:10 Gastronok


Message History

Where to? (* - list waypoints, Enter - D:9, ? - help)
What level of the Dungeon? (default 1, ? - help)
You see here a +0 shortbow.
There is a stone staircase leading up here.
You climb upwards.
Found 4 atropa-tipped darts.
There is a stone staircase leading down here.
Existing waypoints: (1) D:9 (2) D:11 Assign waypoint to what number? (0-9, D - delete waypoint) Waypoint 1 re-assigned from D:9 to D:10.
Enter note: An orange crystal statue comes into view.
Found a trident.
Enter note:
Found a flail.
Gastronok the Ponderous comes into view.
He is wearing a +2 hat of stealth.
Gastronok gurgles horribly!
The orange crystal statue fixes its piercing gaze on you.
You feel dopey. Something feeds on your intellect!
Found a stone staircase leading down.
The orange crystal statue glitters.
You hit the two-headed ogre.
You touch the two-headed ogre!
The two-headed ogre is moderately wounded.
The two-headed ogre hits you with a +0 giant spiked club!
The two-headed ogre hits you with a +0 giant spiked club!!
Gastronok waves his eye-stalks in wide circles.
The air twists around and strikes you!!!
You feel threatened and lose the ability to read scrolls!
Ouch! That really hurt!
You barely miss the two-headed ogre.
You touch the two-headed ogre!
The two-headed ogre is heavily wounded.
You hit the yak. You barely miss the two-headed ogre.
The two-headed ogre is heavily wounded.
You hit the yak. The yak gores you.
The two-headed ogre hits you with a +0 giant spiked club!
You die...

..........# #..##.....
...........# #.........
...........# #.......>.
...........####.........
................###.....
...........###..# #.###.
...)........##..# #(# #.
............##..# #.# #.
.....YY@....##..# #.# #.
......OY....##..# #.# #.
......T.....##..# #.# #.
......8)........# #.# #.
.........w..#.. #.# #.
................
............#.>.
...............


You could see Gastronok, an orange crystal statue, a two-headed ogre (summoned),
3 yaks and a troll (summoned).

Vanquished Creatures
  A two-headed ogre (D:8)
  Eustachio (D:4)
  Grum (D:8)
  Menkaure (D:4)
  3 water moccasins
  3 orc warriors
  4 black bears
  4 ogres
  3 centaurs
  2 wolves (D:8)
  A kobold brigand (D:6)
  An elf zombie (D:6)
  6 bullfrogs
  A gnoll sergeant (D:7)
  4 scorpions
  2 elf skeletons (D:6)
  15 wights
  2 jellies
  4 killer bees (D:7)
  2 hounds
  A human zombie (D:6)
  3 orc priests
  Jessica (D:3)
  Terence (D:3)
  4 iguanas
  9 orc wizards
  Natasha (D:3)
  8 mummies (Ossuary)
  5 gnolls (D:7)
  3 river rats (Sewer)
  14 adders
  A shadow imp (D:8)
  An ufetubus (D:7)
  A worm (D:3)
  2 dart slugs
  29 orcs
  19 ball pythons
  6 bats (D:1)
  12 endoplasms
  A giant cockroach (D:1)
  5 goblins
  6 hobgoblins
  2 jackals (D:2)
  2 quokkas
  5 frilled lizards
  A gnoll zombie (Ossuary)
  3 hobgoblin zombies (Ossuary)
  23 kobolds
  3 kobold zombies (Ossuary)
  2 orc skeletons (D:6)
  An orc zombie (Ossuary)
  31 rats
267 creatures vanquished.

Vanquished Creatures (collateral kills)
  2 killer bees
2 creatures vanquished.

Vanquished Creatures (others)
  35 plants (D:5)
35 creatures vanquished.

Grand Total: 304 creatures vanquished

Notes
Turn   | Place    | Note
-------+----------+-------------------------------------------
     0 | D:1      | qw the Demonspawn Cinder Acolyte began the quest for the
                  | Orb.
     0 | D:1      | Reached XP level 1. HP: 18/18 MP: 2/2
     0 | D:1      | 0 ||| qw: Version: 0.1-a-112-g44dc6cd
     0 | D:1      | 0 ||| qw: Game counter: 6836
     0 | D:1      | 0 ||| qw: Always use a shield: true
     0 | D:1      | 0 ||| qw: God list: Okawaru
     0 | D:1      | 0 ||| qw: Allow faded altars: false
     0 | D:1      | 0 ||| qw: Do Orc after D:15 true
     0 | D:1      | 0 ||| qw: Do second Lair branch before Depths: true
     0 | D:1      | 0 ||| qw: Lair rune preference: random
     0 | D:1      | 0 ||| qw: Plans: Normal
     0 | D:1      | 0 ||| PLANNING D:1-11
   101 | D:1      | Found a faded altar of an unknown god.
   192 | D:1      | Reached skill level 3 in Axes
   207 | D:1      | 207 ||| INVOKING Fiery Armour.
   208 | D:1      | HP: 3/18 [dart slug (3)]
   210 | D:1      | Gained mutation: Your touch may inflict minor irresistible
                  | damage on your foes. [demonic ancestry]
   210 | D:1      | Reached XP level 2. HP: 4/24 MP: 3/3
   648 | D:1      | 648 ||| Stepping ~*~*~tactically~*~*~ (stealth).
   917 | D:1      | Reached skill level 1 in Throwing
  1192 | D:1      | 1192 ||| UPGRADING to +0 ring mail.
  1202 | D:1      | 1202 ||| DROPPING +0 robe.
  1203 | D:1      | 1203 ||| UPGRADING to +2 pair of gloves.
  1208 | D:1      | 1208 ||| DROPPING amulet of magic regeneration.
  1209 | D:1      | 1209 ||| DRINKING 2 sedimented blue potions.
  1210 | D:1      | 1210 ||| DRINKING 2 brown potions.
  1247 | D:1      | 1247 ||| DROPPING potion of lignification.
  1281 | D:2      | 1281 ||| STAIRDANCE
  1284 | D:1      | Reached XP level 3. HP: 29/29 MP: 4/4
  1290 | D:2      | 1290 ||| STAIRDANCE
  1383 | D:2      | 1383 ||| Stepping ~*~*~tactically~*~*~ (hiding).
  1546 | D:2      | Identified the ring "Qury" {rF+ EV+4}
  1598 | D:2      | Found a shimmering blue altar of Sif Muna.
  1676 | D:2      | 1676 ||| Stepping ~*~*~tactically~*~*~ (stealth).
  1682 | D:2      | Reached skill level 4 in Axes
  2130 | D:2      | 2130 ||| UPGRADING to +0 pair of boots.
  2135 | D:2      | 2135 ||| UPGRADING to ring "Qury" {rF+ EV+4}.
  2136 | D:2      | 2136 ||| READING scroll labelled CIH PEGOUXTOOCW.
  2137 | D:2      | 2137 ||| READING 3 scrolls labelled GEBLENIUME.
  2138 | D:2      | 2138 ||| READING scroll labelled ZILULEIQEM.
  2221 | D:2      | 2221 ||| DRINKING 3 smoky blue potions.
  2221 | D:2      | Gained mutation: Your spells are a little harder to cast,
                  | but a little more powerful. [potion of mutation]
  2221 | D:2      | Gained mutation: You sometimes lose your temper in combat.
                  | [potion of mutation]
  2221 | D:2      | Gained mutation: You expend magic power (3 MP) to
                  | strengthen your wands. [potion of mutation]
  2222 | D:2      | 2222 ||| DRINKING 2 potions of mutation.
  2222 | D:2      | Lost mutation: You expend magic power (3 MP) to strengthen
                  | your wands. [potion of mutation]
  2222 | D:2      | Lost mutation: Your spells are a little harder to cast, but
                  | a little more powerful. [potion of mutation]
  2222 | D:2      | Gained mutation: Your magical capacity is low. (-10% MP)
                  | [potion of mutation]
  2222 | D:2      | Gained mutation: You expend magic power (3 MP) to
                  | strengthen your wands. [potion of mutation]
  2223 | D:2      | 2223 ||| DRINKING potion of mutation.
  2223 | D:2      | Lost mutation: Your magical capacity is low. (-10% MP)
                  | [potion of mutation]
  2223 | D:2      | Lost mutation: You sometimes lose your temper in combat.
                  | [potion of mutation]
  2223 | D:2      | Gained mutation: Potions are less effective at restoring
                  | your health. [potion of mutation]
  2223 | D:2      | Gained mutation: Your flesh is heat resistant. (rF+)
                  | [potion of mutation]
  2224 | D:2      | 2224 ||| READING 2 scrolls of identify.
  2224 | D:2      | 2224 ||| IDENTIFYING murky dark potion
  2238 | D:3      | Reached XP level 4. HP: 27/35 MP: 5/5
  2309 | D:3      | 2309 ||| Stepping ~*~*~tactically~*~*~ (stealth).
  2323 | D:3      | 2323 ||| DROPPING +0 whip.
  2339 | D:3      | Reached skill level 1 in Armour
  2398 | D:3      | Noticed Jessica
  2406 | D:3      | Killed Jessica
  2407 | D:3      | 2407 ||| FLEEEEING.
  2408 | D:3      | 2408 ||| FLEEEEING.
  2409 | D:3      | 2409 ||| STAIRDANCE
  2546 | D:2      | 2546 ||| UPGRADING to +0 chain mail.
  2556 | D:2      | 2556 ||| DROPPING +0 ring mail.
  2557 | D:2      | 2557 ||| READING scroll labelled ZEEDUK ELEROOSCH.
  2558 | D:2      | 2558 ||| READING scroll labelled FANABE GEGU.
  2563 | D:2      | 2563 ||| READING 3 scrolls of identify.
  2563 | D:2      | 2563 ||| IDENTIFYING fuming grey potion
  2564 | D:2      | 2564 ||| READING 2 scrolls of identify.
  2564 | D:2      | 2564 ||| IDENTIFYING fuming emerald potion
  2565 | D:2      | 2565 ||| DROPPING potion of brilliance.
  2566 | D:2      | 2566 ||| DROPPING potion of magic.
  2681 | D:3      | 2681 ||| Stepping ~*~*~tactically~*~*~ (stealth).
  2682 | D:3      | 2682 ||| Stepping ~*~*~tactically~*~*~ (stealth).
  2750 | D:3      | 2750 ||| FLEEEEING.
  2751 | D:3      | 2751 ||| FLEEEEING.
  2752 | D:3      | 2752 ||| FLEEEEING.
  2753 | D:3      | 2753 ||| FLEEEEING.
  2754 | D:3      | 2754 ||| FLEEEEING.
  2755 | D:3      | 2755 ||| FLEEEEING.
  2756 | D:3      | 2756 ||| FLEEEEING.
  2757 | D:3      | 2757 ||| FLEEEEING.
  2758 | D:3      | 2758 ||| FLEEEEING.
  2759 | D:3      | 2759 ||| FLEEEEING.
  2760 | D:3      | 2760 ||| FLEEEEING.
  2761 | D:3      | 2761 ||| FLEEEEING.
  2762 | D:3      | 2762 ||| STAIRDANCE
  2866 | D:3      | Noticed Terence
  2876 | D:3      | Noticed Natasha
  2877 | D:3      | 2877 ||| INVOKING Fiery Armour.
  2877 | D:3      | Killed Terence
  2878 | D:3      | Gained mutation: A weak demonic guardian rushes to your
                  | aid. [demonic ancestry]
  2878 | D:3      | Reached XP level 5. HP: 39/41 MP: 6/6
  2884 | D:3      | Killed Natasha
  2885 | D:3      | Reached skill level 5 in Axes
  3147 | D:4      | Noticed Eustachio
  3148 | D:4      | 3148 ||| Stepping ~*~*~tactically~*~*~ (stealth).
  3165 | D:4      | 3165 ||| Stepping ~*~*~tactically~*~*~ (stealth).
  3173 | D:4      | Killed Eustachio
  3174 | D:4      | Reached skill level 3 in Armour
  3174 | D:4      | Gained mutation: Your movements are slightly less
                  | encumbered by armour. (ER -2) [demonic ancestry]
  3174 | D:4      | Reached XP level 6. HP: 47/47 MP: 7/7
  3268 | D:4      | Reached skill level 6 in Axes
  3272 | D:4      | 3272 ||| INVOKING Fiery Armour.
  3275 | D:4      | Gained mutation: Your touch may inflict irresistible damage
                  | on your foes. [demonic ancestry]
  3275 | D:4      | Reached XP level 7. HP: 23/52 MP: 8/8
  3449 | D:4      | 3449 ||| DROPPING +1 whip of freezing.
  3482 | D:4      | Noticed Menkaure
  3483 | D:4      | 3483 ||| Stepping ~*~*~tactically~*~*~ (stealth).
  3496 | D:4      | Killed Menkaure
  3584 | D:4      | Found a broken altar of Ashenzari.
  3723 | D:4      | Found a staircase to the Ecumenical Temple.
  3786 | D:4      | 3786 ||| Stepping ~*~*~tactically~*~*~ (stealth).
  3959 | D:4      | 3959 ||| READING scroll labelled NISKABLUUN.
  3960 | D:4      | 3960 ||| READING scroll labelled ZIMOTZE ZOTUZA.
  3961 | D:4      | 3961 ||| READING scroll labelled SUER WUPISTUYR.
  3962 | D:4      | 3962 ||| DRINKING 2 sedimented sapphire potions.
  3963 | D:4      | 3963 ||| READING 2 scrolls of identify.
  3963 | D:4      | 3963 ||| IDENTIFYING fuming red potion
  3989 | D:5      | Entered Level 5 of the Dungeon
  3990 | D:5      | 3990 ||| PLANNING SEWER
  4013 | D:5      | Found a glowing drain.
  4015 | D:5      | 4015 ||| READING scroll labelled POTUSHR ROORIMI.
  4167 | Sewer    | Entered a sewer
  4253 | Sewer    | 4253 ||| INVOKING Fiery Armour.
  4257 | Sewer    | Reached skill level 7 in Axes
  4261 | Sewer    | 4261 ||| Stepping ~*~*~tactically~*~*~ (water).
  4281 | Sewer    | 4281 ||| Stepping ~*~*~tactically~*~*~ (stealth).
  4330 | Sewer    | 4330 ||| Stepping ~*~*~tactically~*~*~ (water).
  4368 | Sewer    | 4368 ||| Stepping ~*~*~tactically~*~*~ (stealth).
  4384 | Sewer    | Reached skill level 1 in Dodging
  4459 | Sewer    | 4459 ||| INVOKING Fiery Armour.
  4466 | Sewer    | Reached XP level 8. HP: 53/61 MP: 9/9
  4526 | Sewer    | 4526 ||| READING scroll labelled SEDGHY COGOXT.
  4527 | Sewer    | 4527 ||| READING scroll labelled MAHUIX JEZIM.
  4528 | Sewer    | 4528 ||| READING scroll labelled OTSUWN TOENLOP.
  4532 | D:5      | 4532 ||| PLANNING D:1-11
  4546 | D:5      | Found Ecrod's Book Emporium.
  4583 | D:5      | 4583 ||| Stepping ~*~*~tactically~*~*~ (stealth).
  4586 | D:5      | 4586 ||| Stepping ~*~*~tactically~*~*~ (stealth).
  4595 | D:5      | Reached skill level 8 in Axes
  4613 | D:5      | 4613 ||| Stepping ~*~*~tactically~*~*~ (stealth).
  4680 | D:5      | 4680 ||| INVOKING Fiery Armour.
  5012 | D:5      | 5012 ||| FLEEEEING.
  5013 | D:5      | 5013 ||| FLEEEEING.
  5014 | D:5      | 5014 ||| FLEEEEING.
  5015 | D:5      | 5015 ||| FLEEEEING.
  5019 | D:5      | 5019 ||| FLEEEEING.
  5020 | D:5      | 5020 ||| FLEEEEING.
  5021 | D:5      | 5021 ||| STAIRDANCE
  5093 | D:4      | 5093 ||| READING scroll labelled VYHUFR GIEDURPH.
  5094 | D:4      | 5094 ||| READING 2 scrolls of identify.
  5094 | D:4      | 5094 ||| IDENTIFYING yellow potion
  5095 | D:4      | 5095 ||| DROPPING potion of flight.
  5116 | D:5      | Found a sparkling altar of Nemelex Xobeh.
  5118 | D:5      | 5118 ||| Stepping ~*~*~tactically~*~*~ (stealth).
  5120 | D:5      | 5120 ||| Stepping ~*~*~tactically~*~*~ (stealth).
  5122 | D:5      | 5122 ||| Stepping ~*~*~tactically~*~*~ (stealth).
  5124 | D:5      | 5124 ||| Stepping ~*~*~tactically~*~*~ (stealth).
  5126 | D:5      | 5126 ||| Stepping ~*~*~tactically~*~*~ (stealth).
  5128 | D:5      | 5128 ||| Stepping ~*~*~tactically~*~*~ (stealth).
  5229 | D:5      | Found a shimmering altar of Xom.
  5476 | D:5      | 5476 ||| READING scroll labelled OVIRUQ MEI.
  5535 | D:6      | 5535 ||| PLANNING OSSUARY
  5561 | D:6      | 5561 ||| Stepping ~*~*~tactically~*~*~ (stealth).
  5562 | D:6      | 5562 ||| Stepping ~*~*~tactically~*~*~ (stealth).
  5567 | D:6      | Reached skill level 9 in Axes
  5568 | D:6      | 5568 ||| Stepping ~*~*~tactically~*~*~ (hiding).
  5569 | D:6      | 5569 ||| Stepping ~*~*~tactically~*~*~ (hiding).
  5575 | D:6      | 5575 ||| Stepping ~*~*~tactically~*~*~ (stealth).
  5655 | D:6      | 5655 ||| Stepping ~*~*~tactically~*~*~ (hiding).
  5663 | D:6      | Reached XP level 9. HP: 64/69 MP: 10/10
  5694 | D:6      | 5694 ||| Stepping ~*~*~tactically~*~*~ (stealth).
  5708 | D:6      | 5708 ||| FLEEEEING.
  5709 | D:6      | 5709 ||| FLEEEEING.
  5710 | D:6      | 5710 ||| FLEEEEING.
  5717 | D:6      | Reached skill level 6 in Fighting
  6013 | D:6      | Found a sand-covered staircase.
  6026 | Ossuary  | Entered an ossuary
  6029 | Ossuary  | 6029 ||| INVOKING Fiery Armour.
  6102 | Ossuary  | 6102 ||| Stepping ~*~*~tactically~*~*~ (stealth).
  6230 | Ossuary  | 6230 ||| DRINKING 2 red potions.
  6231 | Ossuary  | 6231 ||| DROPPING potion of invisibility.
  6257 | D:6      | 6257 ||| PLANNING D:1-11
  6262 | D:6      | 6262 ||| Stepping ~*~*~tactically~*~*~ (stealth).
  6264 | D:6      | 6264 ||| Stepping ~*~*~tactically~*~*~ (stealth).
  6438 | D:6      | Reached skill level 10 in Axes
  6475 | D:6      | 6475 ||| Stepping ~*~*~tactically~*~*~ (stealth).
  6478 | D:6      | 6478 ||| Stepping ~*~*~tactically~*~*~ (stealth).
  6483 | D:6      | 6483 ||| INVOKING Fiery Armour.
  6488 | D:6      | 6488 ||| Stepping ~*~*~tactically~*~*~ (stealth).
  6527 | D:6      | 6527 ||| FLEEEEING.
  6528 | D:6      | 6528 ||| FLEEEEING.
  6529 | D:6      | 6529 ||| FLEEEEING.
  6530 | D:6      | 6530 ||| FLEEEEING.
  6531 | D:6      | 6531 ||| FLEEEEING.
  6534 | D:6      | 6534 ||| FLEEEEING.
  6535 | D:6      | 6535 ||| FLEEEEING.
  6536 | D:6      | 6536 ||| FLEEEEING.
  6537 | D:6      | 6537 ||| FLEEEEING.
  6538 | D:6      | 6538 ||| FLEEEEING.
  6539 | D:6      | 6539 ||| FLEEEEING.
  6540 | D:6      | 6540 ||| FLEEEEING.
  6541 | D:6      | 6541 ||| FLEEEEING.
  6542 | D:6      | 6542 ||| FLEEEEING.
  6543 | D:6      | 6543 ||| FLEEEEING.
  6544 | D:6      | 6544 ||| FLEEEEING.
  6545 | D:6      | 6545 ||| STAIRDANCE
  6585 | D:5      | 6585 ||| DRINKING 2 blue potions.
  6656 | D:6      | Found a runed translucent door.
  6661 | D:6      | Found a runed translucent door.
  6700 | D:6      | 6700 ||| INVOKING Fiery Armour.
  6887 | D:6      | 6887 ||| DRINKING 2 coppery potions.
  6992 | D:6      | 6992 ||| DROPPING potion of berserk rage.
  7030 | D:7      | 7030 ||| Stepping ~*~*~tactically~*~*~ (hiding).
  7036 | D:7      | 7036 ||| DRINKING 5 potions of curing.
  7036 | D:7      | 7036 ||| (to cure confusion)
  7039 | D:7      | Reached skill level 3 in Throwing
  7263 | D:7      | Found a burning altar of Makhleb.
  7287 | D:7      | 7287 ||| INVOKING Fiery Armour.
  7307 | D:7      | 7307 ||| SWAPPING to +0 war axe.
  7330 | D:7      | 7330 ||| DROPPING +0 hand axe of draining.
  7395 | D:7      | 7395 ||| Stepping ~*~*~tactically~*~*~ (stealth).
  7397 | D:7      | 7397 ||| Stepping ~*~*~tactically~*~*~ (stealth).
  7398 | D:7      | 7398 ||| Stepping ~*~*~tactically~*~*~ (stealth).
  7400 | D:7      | 7400 ||| Stepping ~*~*~tactically~*~*~ (stealth).
  7475 | D:7      | 7475 ||| DROPPING +1 flail.
  7618 | D:7      | 7618 ||| Stepping ~*~*~tactically~*~*~ (hiding).
  7620 | D:7      | 7620 ||| Stepping ~*~*~tactically~*~*~ (hiding).
  7621 | D:7      | 7621 ||| Stepping ~*~*~tactically~*~*~ (hiding).
  7626 | D:7      | 7626 ||| INVOKING Fiery Armour.
  7631 | D:7      | Reached XP level 10. HP: 61/77 MP: 11/11
  7970 | D:7      | 7970 ||| UPGRADING to +0 plate armour.
  7980 | D:7      | 7980 ||| DROPPING +0 chain mail.
  7981 | D:7      | 7981 ||| UPGRADING to ring of ice.
  8050 | D:8      | 8050 ||| STAIRDANCE
  8054 | D:8      | 8054 ||| STAIRDANCE
  8064 | D:7      | 8064 ||| INVOKING Fiery Armour.
  8287 | D:8      | 8287 ||| STAIRDANCE
  8293 | D:8      | 8293 ||| STAIRDANCE
  8461 | D:8      | Noticed Grum
  8474 | D:8      | Reached skill level 11 in Axes
  8482 | D:8      | HP: 7/79 [Grum/+1 spear (16)]
  8483 | D:8      | 8483 ||| READING 2 scrolls of teleportation.
  8484 | D:8      | 8484 ||| DRINKING potion of heal wounds.
  8591 | D:8      | HP: 10/79 [Grum/+1 spear (16)]
  8592 | D:8      | 8592 ||| READING scroll of teleportation.
  8593 | D:8      | Killed Grum
  8604 | D:8      | HP: 3/79 [centaur/arrow (5)]
  8867 | D:8      | 8867 ||| FLEEEEING.
  8953 | D:8      | 8953 ||| DRINKING potion of mutation.
  8953 | D:8      | Lost mutation: You expend magic power (3 MP) to strengthen
                  | your wands. [potion of mutation]
  8953 | D:8      | Lost mutation: Your flesh is heat resistant. (rF+) [potion
                  | of mutation]
  8953 | D:8      | Lost mutation: Potions are less effective at restoring your
                  | health. [potion of mutation]
  8953 | D:8      | Gained mutation: You occasionally lose the ability to read
                  | scrolls when taking damage. [potion of mutation]
  8954 | D:8      | 8954 ||| REMOVING ring of ice.
  8986 | D:8      | 8986 ||| Stepping ~*~*~tactically~*~*~ (stealth).
  9035 | D:8      | 9035 ||| Stepping ~*~*~tactically~*~*~ (stealth).
  9437 | D:8      | 9437 ||| Stepping ~*~*~tactically~*~*~ (stealth).
  9442 | D:8      | 9442 ||| Stepping ~*~*~tactically~*~*~ (stealth).
  9449 | D:8      | 9449 ||| Stepping ~*~*~tactically~*~*~ (hiding).
  9524 | D:8      | Noticed a two-headed ogre
  9525 | D:8      | 9525 ||| Stepping ~*~*~tactically~*~*~ (stealth).
  9665 | D:8      | Killed a two-headed ogre
  9666 | D:8      | Reached skill level 6 in Armour
  9986 | D:8      | 9986 ||| PLANNING TEMPLE
  9986 | D:8      | 9986 ||| READING scroll labelled MIKAXIPESE.
 10087 | D:8      | 10087 ||| DRINKING 2 bubbling dark potions.
 10088 | D:8      | 10088 ||| READING 2 scrolls of identify.
 10088 | D:8      | 10088 ||| IDENTIFYING white potion
 10089 | D:8      | 10089 ||| DROPPING potion of degeneration.
 10209 | Temple   | Entered the Ecumenical Temple
 10210 | Temple   | 10210 ||| PLANNING CONVERSION TO OKAWARU
 10215 | Temple   | Fell from the grace of Ignis
 10215 | Temple   | Became a worshipper of Warmaster Okawaru
 10216 | Temple   | 10216 ||| PLANNING D:1-11
 10420 | D:9      | You fall into a shaft and drop 2 floors!
 10422 | D:11     | 10422 ||| Stepping ~*~*~tactically~*~*~ (hiding).
 10424 | D:11     | 10424 ||| Stepping ~*~*~tactically~*~*~ (hiding).
 10533 | D:11     | 10533 ||| UPGRADING to ring of see invisible.
 10534 | D:11     | 10534 ||| READING 2 scrolls of identify.
 10534 | D:11     | 10534 ||| IDENTIFYING pink potion
 10535 | D:11     | 10535 ||| DROPPING potion of ambrosia.
 10545 | D:10     | Entered Level 10 of the Dungeon
 10566 | D:10     | Noticed an orange crystal statue
 10568 | D:10     | Noticed Gastronok
 10571 | D:10     | Noticed a two-headed ogre
 10571 | D:10     | HP: 4/79 [Gastronok/the air (40)]
 10573 | D:10     | Slain by a two-headed ogre

Levels and vault maps discovered:
D:1:      roderic_chinese_lattice_arrival, layout_basic,
          chequers_ecumenical_altar_simple, minmay_close_crescents
D:2:      layout_basic, basic_altar
D:3:      layout_rooms, uniq_natasha, uniq_jessica, uniq_terence
D:4:      layout_cave_pools, nicolae_overflow_crystal_walls,
          minmay_temple_entry_stoned_glass, grunt_decor_mini_mirrors,
          uniq_eustachio, uniq_menkaure
D:5:      layout_gridville, nemelex_dance_club_becter, lemuel_doored_altar,
          portal_sewer_entry_b, serial_shops, shop, serial_bayou,
          serial_bayou_crossing, serial_bayou_lagoon_a, serial_bayou_pond_c,
          serial_bayou_pond_b
D:6:      lemuel_insect_pit, layout_rooms, nicolae_ossuary_entry_catacombs
D:7:      layout_cave_pods, makhleb_blood_cavern_becter
D:8:      layout_loops_ring, uniq_grum
D:9:      layout_loops_ring, overflow_temple_1_default,
          minmay_unpleasant_kobolds
D:10:     minmay_slanted_spiral_squares, layout_long_grid,
          mainiacjoe_overflow_chevrons, david_lair_generic, minivault_16,
          nicolae_transmutations_shop, serial_bayou_pond_c, uniq_gastronok
D:11:     layout_loops_ring, david_orc_4, kennysheep_cross_room, zin_treasury,
          uniq_psyche
Temple:   nicolae_temple_x_marks_the_god

Skill      XL: |  1  2  3  4  5  6  7  8  9 10 |
---------------+-------------------------------+-----
Axes           | 3 4 5 6 7 9 10 11 | 11.0
Throwing       | 1 2 3 |  3.0
Armour         | 1 3 4 6 |  6.8
Fighting       | 4 5 7 |  7.4
Dodging        | 1 |  1.0
Spellcasting   | |  1.0
Fire Magic     | |  2.6

Action                   |  1- 3 |  4- 6 |  7- 9 | 10-12 || total
-------------------------+-------+-------+-------+-------++-------
Melee: Hand axe          |    71 |    72 |   355 |       ||   498
       Touch             |    10 |    12 |    58 |    21 ||   101
       War axe           |       |       |    18 |   140 ||   158
       Punch             |       |       |     1 |     1 ||     2
Throw: Javelin           |    22 |    13 |    23 |     7 ||    65
       Boomerang         |       |       |    40 |     3 ||    43
Invok: Fiery Armour      |     1 |     2 |     8 |     1 ||    12
  Use: Potion            |     5 |       |     5 |     3 ||    13
       Scroll            |     4 |     4 |    11 |     5 ||    24
Armor: Robe              |    21 |       |       |       ||    21
       Ring mail         |    15 |     3 |       |       ||    18
       Chain mail        |       |    19 |   151 |     6 ||   176
       Plate armour      |       |       |       |    91 ||    91
Dodge: Dodged            |    44 |    45 |   173 |   127 ||   389

Table legend:
 A = Non-vault XP
 B = Vault XP
 C = Vault XP percentage of total XP
 D = Non-vault monster count
 E = Vault monster count
 F = Vault count percentage of total count
                 A         B        C        D         E       F
            +---------+---------+-------+---------+---------+-------
      Total |    6042 |    2246 |  27.1 |     162 |     107 |  39.8
            +---------+---------+-------+---------+---------+-------
        D:1 |      32 |       6 |  15.8 |      16 |       5 |  23.8
        D:2 |      51 |       0 |   0.0 |      16 |       0 |   0.0
        D:3 |      51 |     108 |  67.9 |      20 |       3 |  13.0
        D:4 |     532 |     357 |  40.2 |      15 |       2 |  11.8
        D:5 |     499 |     475 |  48.8 |      12 |      10 |  45.5
        D:6 |    1375 |     314 |  18.6 |      28 |       6 |  17.6
        D:7 |    1595 |      40 |   2.4 |      29 |       1 |   3.3
        D:8 |    1636 |     423 |  20.5 |      21 |       3 |  12.5
        D:9 |     163 |       9 |   5.2 |       4 |       6 |  60.0
       D:11 |     108 |       0 |   0.0 |       1 |       0 |   0.0
      Sewer |       0 |     359 | 100.0 |       0 |      55 | 100.0
    Ossuary |       0 |     155 | 100.0 |       0 |      16 | 100.0
            +---------+---------+-------+---------+---------+-------
